 Dungeon Crawl Stone Soup version 0.30.1-4-g462c640d31 (webtiles) character file.

Game seed: 9485175089931351036

8440 spardeous the Grappler (level 11, -3/119 HPs)
             Began as a Troll Berserker on Aug 21, 2023.
             Was a High Priest of Trog.
             Slain by a death yak (23 damage)
             ... on level 8 of the Dungeon.
             The game lasted 00:12:32 (6364 turns).

spardeous the Grappler (Troll Berserker)            Turns: 6364, Time: 00:12:33

Health: -3/119     AC:  5    Str: 32    XL:     11   Next: 9%
Magic:  10/10      EV: 16    Int:  2    God:    Trog [*****.]
Gold:   940        SH:  5    Dex: 11    Spells: 10/10 levels left

rFire   + .          .
                       - Unarmed
rCold   . . .        (no shield)
rNeg    . . .        a - +1 animal skin
rPois   .            (helmet restricted)
rElec   .            (no cloak)
rCorr   .            (gloves unavailable)
SInv    +            (boots unavailable)
Will    .....        q - amulet of reflection
Stlth   ++           m - ring "Buttis" {rF+ Str+5 Int-3 SInv Stlth+}
HPRegen 1.19/turn    e - +5 ring of evasion
MPRegen 0.12/turn

%: reflection
@: studying Polearms
A: large, unfitting armour, claws 3, regeneration 1, shaggy fur 1, tough skin 1
a: Renounce Religion, Berserk, Trog's Hand, Brothers in Arms


You were on level 8 of the Dungeon.
You worshipped Trog.
Trog was extremely pleased with you.
You visited 1 branch of the dungeon, and saw 9 of its levels.

You collected 1527 gold pieces.
You spent 587 gold pieces at shops.

Inventory:

Missiles
 D - 19 large rocks (quivered)
Armour
 a - a +1 animal skin (worn)
Jewellery
 c - a +6 ring of strength
 e - a +5 ring of evasion (right claw)
 l - a +6 ring of dexterity
 m - the ring "Buttis" (left claw) {rF+ Str+5 Int-3 SInv Stlth+}
   (You bought it in a shop on level 2 of the Dungeon)

   [ring of protection from fire]

   Str:       It affects your strength (+5).
   Int:       It affects your intelligence (-3).
   rF:        It protects you from fire.
   SInv:      It lets you see invisible.
   Stlth:     It makes you more stealthy.
 q - an amulet of reflection (around neck)
Wands
 y - a wand of light (7)
 z - a wand of flame (13)
 C - a wand of roots (15)
 E - a wand of digging (5)
 G - a wand of paralysis (8)
Scrolls
 d - 2 scrolls of enchant armour
 f - a scroll of magic mapping
 g - 4 scrolls of noise
 i - a scroll of torment {unknown}
 k - 3 scrolls of teleportation
 o - 4 scrolls of amnesia
 p - a scroll of poison {unknown}
 t - a scroll of fog {unknown}
 v - 2 scrolls of enchant weapon {unknown}
 w - 3 scrolls of immolation {unknown}
Potions
 b - a potion of attraction {unknown}
 h - 2 potions of curing
 j - a potion of brilliance {unknown}
 n - 3 potions of haste {unknown}
 r - 3 potions of mutation {unknown}
 s - 2 potions of flight
 u - 3 potions of lignification
 x - a potion of might
 A - a potion of invisibility
 B - a potion of berserk rage


   Skills:
 - Level 10.4 Fighting
 + Level 6.5 Dodging
 - Level 10.7 Unarmed Combat


You had 10 spell levels left.
You didn't know any spells.
Your spell library was empty.

Dungeon Overview and Level Annotations

Branches:
Dungeon (9/15)             Temple (0/1) D:4
   Lair: D:8-11         Orc: D:9-12

Altars:
Cheibriados
Dithmenos
Hepliaklqana
Vehumet
Yredelemnul
Zin

Shops:
D:1 (   D:2 !?=   D:8 (

Annotations:
D:6 1 runed translucent door


Innate Abilities, Weirdness & Mutations

You are too large for most types of armour.
You have claws for hands.
Your natural rate of healing is unusually fast.
You are covered in fur. (AC +1)
You have tough skin. (AC +1)


Message History

There is a stone staircase leading up, spattered with blood here.
You take 41 damage, and have 78/119 hp.
MASSIVE DAMAGE!!
You block the vampire's attack. The vampire misses you.
You block the death yak's attack. The death yak barely misses you. x2
You climb upwards.
There is a stone staircase leading down, spattered with blood here.
You see here a death yak corpse.
You regained 3 hp, and now have 81/119 hp.
You scratch the vampire. Your claw misses the vampire.
The vampire is lightly damaged.
The death yak gores you! x2; The death yak gores you!!
* * * LOW HITPOINT WARNING * * *
The vampire hits you!
* * * LOW HITPOINT WARNING * * *
The vampire bites you!
* * * LOW HITPOINT WARNING * * *
The vampire draws strength from your injuries!
You take 63 damage, and have 18/119 hp.
MASSIVE DAMAGE!!
Unknown command.
Okay, then.
Okay, then.
Okay, then.
As you read the scroll labelled ILEULAOXTU, it crumbles to dust.
You hear a loud clanging noise!
It was a scroll of noise.
The death yak closely misses you. The death yak gores you.
* * * LOW HITPOINT WARNING * * *
You block the death yak's attack. You block the vampire's attack.
The vampire barely misses you.
As you read the scroll labelled BIYLOSS CUDO, it crumbles to dust.
It is a scroll of amnesia.
You feel forgetful for a moment. The death yak barely misses you.
The death yak completely misses you. The death yak misses you.
The vampire barely misses you. The vampire misses you.
As you read the scroll labelled JOF QOTUJACKE, it crumbles to dust.
It is a scroll of enchant armour.
Your +0 animal skin glows green for a moment.
The death yak misses you. The death yak barely misses you.
The death yak gores you!!
You die...

######.#######
#####......#######
#..>..........⌠.⌠.
#.#.....#####..∩..
#......)......⌠.⌠.
#.(.#.#...........
#...#.#..##.....##
##############Y................
#............V@..............##
#.############YY....###.....###
#.###...............# #....## #
#.##.....#####..##..###..#.# #
#.##.......................####
#.##.(...#####..##.##..........
#.###....# #.....##.##.#.####
#.# ##.#.# #........##.#.# #
#.# #.#.# #.#########.#.# #


You could see 3 death yaks and a vampire.

Vanquished Creatures
  4 death yaks (D:8)
  Pikel (D:5)
  The ghost of rvierbuc the Slasher, a novice DsGl (D:6)
  The ghost of erynZofia the Sneak, a novice VSBr (D:5)
  A hornet (D:9)
  A shadow (D:7)
  A wyvern (D:7)
  A basilisk (D:8)
  A steam dragon (D:5)
  The ghost of hawla the Firebug, an amateur MeFE (D:4)
  2 water moccasins
  2 orc warriors (D:8)
  3 ice beasts (D:7)
  2 black bears
  3 sky beasts (D:7)
  3 ogres
  5 centaurs
  A lemure (D:5)
  2 phantoms (D:5)
  A kobold brigand (D:6)
  5 bullfrogs
  2 scorpions
  4 wights (D:8)
  14 killer bees
  A centaur zombie (D:5)
  A bullfrog zombie (D:5)
  3 jellies (D:6)
  A human zombie (D:6)
  7 orc priests
  A sleepcap (D:7)
  5 orc wizards
  3 iguanas
  A gnoll (D:4)
  7 adders
  A white imp (D:4)
  A worm (D:2)
  13 dart slugs
  28 orcs
  9 ball pythons
  6 endoplasms
  17 goblins
  9 hobgoblins
  4 jackals (D:4)
  20 kobolds
  3 quokkas
  9 bats
  7 frilled lizards
  A goblin skeleton (D:6)
  7 rats
227 creatures vanquished.

Notes
Turn   | Place    | Note
-------+----------+-------------------------------------------
     0 | D:1      | spardeous the Troll Berserker began the quest for the Orb.
     0 | D:1      | Reached XP level 1. HP: 22/22 MP: 0/0
    62 | D:1      | Reached XP level 2. HP: 29/29 MP: 1/1
   245 | D:1      | Reached ** piety under Trog
   412 | D:1      | Reached XP level 3. HP: 36/36 MP: 2/2
   416 | D:1      | Found Ubocs's Antique Weapon Emporium.
   598 | D:2      | Found Ysupiuch's Magic Scroll Boutique.
   607 | D:2      | Bought a scroll of identify for 26 gold pieces
   613 | D:2      | Found Uplifo's Jewellery Boutique.
   719 | D:2      | Found Opi Ham's Distillery.
   849 | D:2      | Found a faded altar of an unknown god.
   853 | D:2      | Reached skill level 5 in Unarmed Combat
   853 | D:2      | Reached XP level 4. HP: 44/44 MP: 3/3
  1321 | D:2      | Identified a scroll of acquirement
  1419 | D:3      | Reached *** piety under Trog
  1900 | D:3      | Reached XP level 5. HP: 50/50 MP: 4/4
  2087 | D:4      | Reached XP level 6. HP: 23/59 MP: 5/5
  2133 | D:4      | Found a transporter.
  2134 | D:4      | Found a transporter.
  2134 | D:4      | Noticed hawla's ghost (amateur MeFE)
  2238 | D:4      | Reached **** piety under Trog
  2381 | D:4      | Found a staircase to the Ecumenical Temple.
  2437 | D:4      | Noticed a shadow
  2438 | D:4      | Found a shadowy altar of Dithmenos.
  2439 | D:4      | Found a hazy altar of Hepliaklqana.
  2603 | D:5      | Entered Level 5 of the Dungeon
  2640 | D:5      | Reached XP level 7. HP: 67/67 MP: 6/6
  2648 | D:5      | Noticed Pikel
  2664 | D:5      | Killed Pikel
  2665 | D:5      | Reached skill level 5 in Fighting
  2761 | D:5      | Reached XP level 8. HP: 81/81 MP: 7/7
  3019 | D:5      | Found a runed translucent gate.
  3019 | D:5      | Found a runed translucent gate.
  3020 | D:5      | Found a runed translucent gate.
  3333 | D:5      | Noticed erynZofia's ghost (novice VSBr)
  3421 | D:6      | Found a runed translucent door.
  3426 | D:6      | Found a basalt altar of Yredelemnul.
  3504 | D:6      | Found a runed translucent gate.
  3504 | D:6      | Found a runed translucent gate.
  3505 | D:6      | Noticed rvierbuc's ghost (novice DsGl)
  3507 | D:6      | Found a runed translucent gate.
  3523 | D:6      | Reached XP level 9. HP: 71/97 MP: 8/8
  3711 | D:6      | Found a radiant altar of Vehumet.
  3859 | D:6      | Reached ***** piety under Trog
  4037 | D:2      | Acquired 1098 gold pieces
  4042 | D:2      | Bought the ring "Buttis" {rF+ Str+5 Int-3 SInv Stlth+} for
                  | 561 gold pieces
  4314 | D:7      | Identified the +8 whip of the Inferno {drain, +Blink rN+
                  | Int+3}
  4460 | D:7      | Reached skill level 10 in Fighting
  4835 | D:4      | Killed hawla's ghost
  5002 | D:5      | Killed erynZofia's ghost
  5003 | D:5      | Reached XP level 10. HP: 104/111 MP: 9/9
  5091 | D:6      | Killed rvierbuc's ghost
  5209 | D:8      | Received a gift from Trog
  5310 | D:8      | Reached skill level 10 in Unarmed Combat
  5407 | D:8      | Found Hoonn's Antique Weapon Shoppe.
  5432 | D:8      | Identified the +0 pair of gloves "Ohimir" {Contam rPois
                  | rC+++ Str-5}
  5970 | D:8      | Found a glowing silver altar of Zin.
  5970 | D:8      | Found a snail-covered altar of Cheibriados.
  6158 | D:9      | Noticed a death yak
  6158 | D:9      | Noticed a death yak
  6162 | D:9      | Noticed a death yak
  6162 | D:9      | Noticed a death yak
  6165 | D:9      | Noticed a death yak
  6167 | D:9      | Noticed a death yak
  6167 | D:9      | Noticed a death yak
  6179 | D:8      | Killed a death yak
  6198 | D:8      | Killed a death yak
  6199 | D:8      | Reached skill level 5 in Dodging
  6200 | D:8      | Killed a death yak
  6201 | D:8      | Reached XP level 11. HP: 20/119 MP: 10/10
  6325 | D:8      | Killed a death yak
  6364 | D:8      | Slain by a death yak

Illustrated notes

Levels and vault maps discovered:
D:1:      ncdulo_lavacross, layout_basic, serial_shops,
          nicolae_shop_behind_doors, minmay_misc_feat_nine_boxes
D:2:      layout_loops_cross, serial_shops, shop, shop, shop_scrolls,
          shapermc_ecumenical_altar_gd, minmay_tromino_v7
D:3:      kennysheep_slugbush, layout_loops_cross
D:4:      layout_cave_pools, riverfiend_overflow_shadow_ancestor,
          minmay_temple_entry_butterflies, gammafunk_ghost_arena, st_stairs_13,
          minmay_manual_mail
D:5:      layout_loops_ring, gammafunk_ghost_necromancy, uniq_pikel
D:6:      layout_rooms, dk_yredelemnul_ordeal,
          mainiacjoe_overflow_cross_hatched, ebering_ghost_rock_garden,
          kennysheep_flooded_box, minmay_ogre_servants
D:7:      layout_rooms
D:8:      layout_loops_ring, gammafunk_temple_overflow_elements, serial_shops,
          shop_fountains
D:9:      layout_basic, dpeg_lair_monsters, serial_shops,
          nicolae_shop_back_alley_shop, nicolae_specific_store,
          uniq_prince_ribbit1

Skill      XL: |  1  2  3  4  5  6  7  8  9 10 |
---------------+-------------------------------+-----
Unarmed Combat | 4 5 6 7 8 10 | 10.7
Fighting       | 3 5 8 10 | 10.4
Dodging        | 6 |  6.5

Action                     |  1- 3 |  4- 6 |  7- 9 | 10-12 || total
---------------------------+-------+-------+-------+-------++-------
  Melee: Unarmed           |   103 |   162 |   220 |   166 ||   651
         Punch             |     2 |     5 |     9 |     6 ||    22
 Invoke: Berserk           |       |       |       |     2 ||     2
    Use: Scroll            |       |     3 |     1 |     7 ||    11
         Potion            |       |     1 |       |     1 ||     2
   Stab: Sleeping          |       |       |     1 |     2 ||     3
 Armour: Animal skin       |    30 |    35 |    32 |    32 ||   129
  Dodge: Dodged            |    72 |   124 |   119 |   166 ||   481
  Block: Other             |       |     1 |    44 |    52 ||    97
         Reflection        |       |       |     2 |     3 ||     5
